 Dungeon Crawl Stone Soup version 0.26.1-2-gb8aa6d0cf2 (webtiles) character file.

Game seed: 16908745878611547892

428 promet the Sneak (level 6, -7/43 HPs)
             Began as an Octopode Brigand on Feb 26, 2021.
             Was a Believer of Dithmenos.
             Mangled by a gnoll
             ... wielding a +0 spear
              (8 damage)
             ... on level 3 of the Dungeon.
             The game lasted 00:27:54 (5401 turns).

promet the Sneak (Octopode Brigand)                 Turns: 5401, Time: 00:27:55

Health: -7/43      AC:  1    Str:  8 (10) XL:     6   Next: 98%
Magic:  6/6        EV:  9    Int: 12 (13) God:    Dithmenos [**....]
Gold:   226        SH: 13    Dex: 16      Spells: 5/5 levels left

rFire    . . .     SeeInvis .   a - +2 dagger
rCold    . . .     Faith    .   r - +3 tower shield
rNeg     . . .     Spirit   .   (helmet restricted)
rPois    .         Reflect  .   (no amulet)
rElec    .         Harm     .   (no ring)
rCorr    .         Rampage  .   (no ring)
Will     .....                  (no ring)
Stlth    ++++++....             (no ring)
HPRegen  0.14/turn              (no ring)
MPRegen  0.10/turn              (no ring)
                                (no ring)
                                (no ring)

@: lethally poisoned (-7 -> -9), wreathed by umbra
A: almost no armour, stealthy swim, amphibious, 8 rings, constrict 8, camouflage
1, gelatinous body 1
a: Renounce Religion, Shadow Step


You were on level 3 of the Dungeon.
You worshipped Dithmenos.
Dithmenos was pleased with you.
You visited 1 branch of the dungeon, and saw 5 of its levels.

You collected 226 gold pieces.

Inventory:

Hand Weapons
 a - a +2 dagger (weapon)
 b - a +0 hunting sling
 u - a +2 mace of protection
Missiles
 d - 7 boomerangs of dispersal
 e - 27 poisoned darts
 f - 90 arrows
 g - 64 stones
 k - 22 bolts
 l - 2 throwing nets
 m - 2 curare-tipped darts
 o - 6 boomerangs
 s - 8 javelins (quivered)
Armour
 r - a +3 tower shield (worn)
Jewellery
 j - an uncursed amulet of the acrobat {unknown}
 n - a +6 ring of strength
 p - an uncursed ring of ice {unknown}
 q - an uncursed amulet of guardian spirit
 t - an uncursed amulet of reflection
Wands
 w - a wand of paralysis (6)
Scrolls
 h - a scroll of blinking
 i - 2 scrolls of remove curse
 v - a scroll of identify
Potions
 c - a potion of flight


   Skills:
 * Level 4.1 Fighting
 + Level 3.7 Short Blades
 + Level 1.6(2.3) Slings
 + Level 2.4(2.7) Throwing
 + Level 1.9 Dodging
 + Level 7.2 Stealth
 + Level 1.0 Shields


You had 5 spell levels left.
You didn't know any spells.
Your spell library contained the following spells:

 Spells                   Type           Power        Failure   Level
 Summon Demon             Summ           0%           100%        5
 Summon Hydra             Summ           0%           100%        7
 Disjunction              Tloc           0%           100%        8


Dungeon Overview and Level Annotations

Branches:
Dungeon (5/15)
 Temple: D:4-7

Altars:
Dithmenos
Makhleb


Innate Abilities, Weirdness & Mutations

You cannot wear most types of armour.
You are very stealthy in the water. (Stealth+)
You are amphibious.
You can wear up to eight rings at the same time.
You can use your tentacles to constrict eight enemies at once.
Your skin changes colour to match your surroundings (Stealth+).
Your rubbery body absorbs attacks. (AC +1, EV +1)


Message History

You constrict the worker ant, but do no damage.
The worker ant bites you.
* * * LOW HITPOINT WARNING * * *
You are lethally poisoned!
The worker ant poisons you!
Blink to where?
Press: ? - help, Dir - move target You lose your grip on the worker ant.
As you read the scroll of blinking, it crumbles to dust.
* * * LOW HITPOINT WARNING * * *
You feel sick.
* * * LOW HITPOINT WARNING * * *
You feel sick.
The gnoll shouts! x2
You hit the gnoll. Your grab misses the gnoll.
The gnoll is moderately wounded.
The gnoll hits you but does no damage.
* * * LOW HITPOINT WARNING * * *
You feel sick. The gnoll hits you with a +0 spear!
You die...

######.########
#######.........@B..#
.....##.........g##.#
.....##..........##.#
.....##.......g..##.#
#######.........)##.#
#.....g....##!#
#######..........##†#
...g.............+)>#
#######..........####


You could see a worker ant and 3 gnolls.

Vanquished Creatures
  2 orc wizards
  2 orc priests
  Jessica (D:2)
  Natasha (thrice) (D:2)
  Robin (D:2)
  9 adders
  2 worms
  2 dart slugs
  4 leopard geckos
  13 orcs
  3 ball pythons
  3 giant cockroaches
  23 goblins
  11 hobgoblins
  2 jackals (D:3)
  4 bats
  4 frilled lizards
  8 kobolds
  5 rats
102 creatures vanquished.

Vanquished Creatures (others)
  6 plants
6 creatures vanquished.

Grand Total: 108 creatures vanquished

Notes
Turn   | Place    | Note
-------+----------+-------------------------------------------
     0 | D:1      | promet the Octopode Brigand began the quest for the Orb.
     0 | D:1      | Reached XP level 1. HP: 14/14 MP: 1/1
   620 | D:1      | Reached XP level 2. HP: 19/19 MP: 2/2
   921 | D:2      | Noticed Robin
   965 | D:2      | Found a shadowy altar of Dithmenos.
   973 | D:2      | Became a worshipper of Dithmenos the Shadowed
  1094 | D:2      | Reached XP level 3. HP: 20/25 MP: 3/3
  1220 | D:2      | Reached skill level 6 in Stealth
  1504 | D:2      | Found a burning altar of Makhleb.
  1651 | D:2      | Noticed Jessica
  1656 | D:2      | Killed Jessica
  1657 | D:2      | Reached XP level 4. HP: 31/31 MP: 4/4
  1686 | D:2      | Noticed Natasha
  1699 | D:2      | Killed Natasha
  1956 | D:2      | Reached skill level 1 in Slings
  1959 | D:2      | Reached XP level 5. HP: 19/36 MP: 5/5
  2231 | D:2      | Killed Robin
  2313 | D:2      | Reached * piety under Dithmenos
  2516 | D:2      | Noticed Natasha
  2525 | D:2      | Killed Natasha
  2804 | D:2      | Noticed Natasha
  2811 | D:2      | Killed Natasha
  3435 | D:3      | Reached XP level 6. HP: 11/43 MP: 6/6
  3680 | D:3      | Reached skill level 7 in Stealth
  4535 | D:3      | Reached ** piety under Dithmenos
  4740 | D:3      | You fall into a shaft and drop 2 floors!
  4740 | D:5      | Entered Level 5 of the Dungeon
  4781 | D:5      | Identified Sif Muna's Compendium of Creative Orientation
  5390 | D:3      | Reached skill level 1 in Shields
  5398 | D:3      | HP: 2/43 [poisoned by a worker ant]
  5401 | D:3      | Mangled by a gnoll

Illustrated notes

Levels and vault maps discovered:
D:1:      amcnicky_arrival_flooded_fountain, layout_rooms, serial_bayou_pond_c
D:2:      cheibrodos_greedy_goblins, layout_basic, lightli_temple_of_fire,
          grunt_dithmenos_smoke, uniq_natasha, uniq_robin, uniq_jessica
D:3:      layout_basic, st_stairs_6
D:4:      layout_cave_pools, minmay_temple_entry_hall, minmay_shop_grid_forest,
          serial_bayou_lagoon_a, minmay_checkerbox
D:5:      minmay_chambers_of_fours, layout_basic

Skill      XL: |  1  2  3  4  5  6 |
---------------+-------------------+-----
Stealth        | 6 7 |  7.2
Fighting       | 3 4 |  4.1
Slings         | 1 |  1.6
Short Blades   | 3 |  3.7
Shields        | 1 |  1.0
Throwing       | |  2.4
Dodging        | |  1.9

Action                   |  1- 3 |  4- 6 || total
-------------------------+-------+-------++-------
Melee: Dagger            |    55 |   206 ||   261
       Constrict         |    14 |    53 ||    67
       Tentacles         |     7 |    40 ||    47
       Mace              |       |     4 ||     4
 Fire: Hunting sling     |     9 |     7 ||    16
Throw: Dart              |     6 |     2 ||     8
       Stone             |       |     3 ||     3
       Javelin           |       |     4 ||     4
  Use: Potion            |     5 |     3 ||     8
       Scroll            |     3 |     4 ||     7
 Stab: Sleeping          |     3 |     9 ||    12
Armor: Skin              |    13 |    10 ||    23
Dodge: Dodged            |    21 |    75 ||    96
Block: Tower shield      |       |    71 ||    71
